 Dungeon Crawl Stone Soup version 0.28-a0-312-gbced6e68ee (webtiles) character file.

Game seed: 15315070763340063518

86 HAL9000 the Sneak (level 4, -1/23 HPs)
             Began as a Vine Stalker Brigand on Aug 31, 2021.
             Killed from afar by Sigmund (11 damage)
             ... with a puff of flame
             ... on level 2 of the Dungeon.
             The game lasted 00:01:26 (1382 turns).

HAL9000 the Sneak (Vine Stalker Brigand)            Turns: 1382, Time: 00:01:26

Health: -1/23      AC:  3    Str: 15    XL:     4   Next: 49%
Magic:  0/5        EV: 11    Int: 11    God:
Gold:   96         SH:  0    Dex: 15    Spells: 3/3 levels left

rFire   . . .      SeeInvis .   a - +2 dagger
rCold   . . .      Faith    .   (no shield)
rNeg    . . .      Spirit   +   b - +0 robe
rPois   .          Reflect  .   (no helmet)
rElec   .          Harm     .   c - +0 cloak
rCorr   .          Rampage  .   (no gloves)
Will    .....                   (no boots)
Stlth   +++.......              (no amulet)
HPRegen 1.07/turn               (no ring)
MPRegen 0.09/turn               (no ring)

@: no status effects
A: fangs 2, regeneration 1, magic shield, antimagic bite, no potion heal 2
a: no special abilities


You were on level 2 of the Dungeon.
You visited 1 branch of the dungeon, and saw 2 of its levels.

You collected 96 gold pieces.

Inventory:

Hand Weapons
 a - a +2 dagger (weapon)
Missiles
 d - 4 poisoned darts
 e - 2 curare-tipped darts (quivered)
Armour
 b - a +0 robe (worn)
 c - a +0 cloak (worn)
Jewellery
 i - a ring of protection from cold
Scrolls
 f - 2 scrolls of identify {unknown}
 g - a scroll of teleportation {unknown}
 h - a scroll of noise {unknown}


   Skills:
 - Level 1.7 Fighting
 + Level 3.8 Short Blades
 - Level 2.4 Throwing
 - Level 0.7 Dodging
 - Level 4.8 Stealth


You had 3 spell levels left.
You didn't know any spells.
Your spell library contained the following spells:

 Spells                   Type           Power      Damage    Failure   Level
 Ignite Poison            Fire/Tmut/Pois 0%         N/A       71%         3
 Mephitic Cloud           Conj/Pois/Air  0%         N/A       71%         3
 Bolt of Magma            Conj/Fire/Erth 0%         4d4       100%        5


Dungeon Overview and Level Annotations

Branches:
Dungeon (2/15)

Altars:

Annotations:
D:2 Sigmund


Innate Abilities, Weirdness & Mutations

You have extremely sharp teeth.
Your natural rate of healing is unusually fast.
When hurt, damage is shared between your health and your magic reserves.
Your bite disrupts and absorbs the magic of your enemies.
Potions cannot restore your health.


Message History

Natasha yowls pathetically as she dies!
No target in view!
No target in view!
HP restored.
Magic restored.
You now have 96 gold pieces (gained 10).
d - 5 poisoned darts (gained 1) Sigmund is nearby!
Sigmund is nearby!
Sigmund is nearby!
You throw a curare-tipped dart.
The curare-tipped dart barely misses Sigmund.
Sigmund shouts!
Sigmund casts a spell at you. The magic dart hits you!
Unknown command.
You throw a curare-tipped dart.
The curare-tipped dart closely misses Sigmund.
You throw a poisoned dart.
The poisoned dart completely misses Sigmund.
No target in view!
Sigmund says, "I'm your fate."
Sigmund gestures wildly while chanting.
Sigmund flickers and vanishes!
Deactivating autopickup; reactivate with Ctrl-A.
You see here 2 curare-tipped darts.
e - 2 curare-tipped darts A kobold comes into view.
It is wielding a +0 short sword.
You hear a shout!
Something completely misses you.
You see here a poisoned dart.
Something barely misses you.
A puff of flame appears from out of thin air!
The puff of flame hits you!
You see here a poisoned dart.
A puff of flame appears from out of thin air!
The puff of flame hits you!
A puff of flame appears from out of thin air!
The puff of flame hits you!
You die...

... .#. #.# .... .# #.##...#
##+##### #.# #..@...#
#......####.# #<#
#.......<.#.# .#.#
#.........#.# .....
##........#.###..#.##
..........@#......#.# .##
.###...........###.#.##...
..(....#.....(...........
.......#........{(.#.##...
.......+.....#..........#
.......###.#.#####.#....#
....... #.#.# ##.####.####
#......###+#.# #...........
#............####.(####.####


There were no monsters in sight!

Vanquished Creatures
  Natasha (twice) (D:2)
  A gnoll (D:1)
  A dart slug (D:1)
  4 endoplasms (D:1)
  2 goblins (D:1)
  3 hobgoblins (D:1)
  2 kobolds (D:1)
  A quokka (D:1)
  2 ball pythons
  3 bats (D:1)
  A frilled lizard (D:1)
  A rat (D:2)
23 creatures vanquished.

Notes
Turn   | Place    | Note
-------+----------+-------------------------------------------
     0 | D:1      | HAL9000 the Vine Stalker Brigand began the quest for the
                  | Orb.
     0 | D:1      | Reached XP level 1. HP: 11/11 MP: 2/2
   363 | D:1      | Reached XP level 2. HP: 15/15 MP: 3/3
   762 | D:1      | Reached XP level 3. HP: 18/18 MP: 4/4
  1200 | D:2      | Noticed Sigmund
  1249 | D:2      | Noticed Natasha
  1259 | D:2      | Killed Natasha
  1260 | D:2      | Gained mutation: Your natural rate of healing is unusually
                  | fast. [Vine Stalker growth]
  1260 | D:2      | Reached XP level 4. HP: 23/23 MP: 5/5
  1300 | D:2      | Noticed Natasha
  1308 | D:2      | Killed Natasha
  1382 | D:2      | Killed from afar by Sigmund

Illustrated notes

Levels and vault maps discovered:
D:1:      scummos_arrival_star, layout_basic, grunt_decor_fettered
D:2:      layout_basic, uniq_sigmund, uniq_natasha

Skill      XL: |  1  2  3 |
---------------+----------+-----
Throwing       | 2 |  2.4
Short Blades   | 2 3 |  3.8
Fighting       | |  1.7
Dodging        | |  0.7
Stealth        | |  4.8

Action                   |  1- 3 |  4- 6 || total
-------------------------+-------+-------++-------
Melee: Dagger            |    48 |     7 ||    55
       Bite              |    11 |       ||    11
Throw: Dart              |     4 |     5 ||     9
 Stab: Sleeping          |     6 |     1 ||     7
Armor: Robe              |    11 |       ||    11
Dodge: Dodged            |    21 |     4 ||    25

Table legend: (Time is in decaauts)
 A = Elapsed time spent in this place.
 B = Non-inter-level travel time spent in this place.
 C = Inter-level travel time spent in this place.
 D = Time resting spent in this place.
 E = Time spent auto-exploring this place.
 F = Levels seen in this place.
 G = Mean time per level.
                   A        B        C        D        E       F      G
               +--------+--------+--------+--------+--------+-----+--------+
         Total |   1382 |   1332 |     50 |    333 |    807 |   2 |  691.0 |
       Dungeon |   1382 |   1332 |     50 |    333 |    807 |   2 |  691.0 |
               +--------+--------+--------+--------+--------+-----+--------+

Top non-repeatable levels by time:
     D:1: 1238 daAuts
     D:2: 143 daAuts
